 Dungeon Crawl Stone Soup version 0.21.1-1-g345015f (webtiles) character file.

243 dolbystereo the Cudgeler (level 5, -2/48 HPs)
             Began as a Minotaur Abyssal Knight on June 7, 2018.
             Was a Believer of Lugonu.
             Killed from afar by Ijyb (10 damage)
             ... with a wand of acid (7)
             ... on level 4 of the Dungeon.
             The game lasted 00:34:27 (3286 turns).

dolbystereo the Cudgeler (Minotaur Abyssal Knight)  Turns: 3286, Time: 00:34:29

Health: -2/48      AC:  5    Str: 17    XL:     5   Next: 82%
Magic:  5/5        EV: 11    Int:  9    God:    Lugonu [**....]
Gold:   128        SH:  0    Dex: 10    Spells: 4/4 levels left

rFire    . . .     SeeInvis .   x - +1 mace (protect)
rCold    . . .     Gourm    .   (no shield)
rNeg     . . .     Faith    .   p - -1 ring mail (curse)
rPois    .         Spirit   .   (helmet restricted)
rElec    .         Reflect  .   q - +0 cloak
rCorr    .         Harm     .   (no gloves)
MR       .....                  (no boots)
Stlth    +.........             (no amulet)
HPRegen  0.16/turn              (no ring)
MPRegen  0.09/turn              (no ring)

@: no status effects
A: retaliatory headbutt, horns 2
a: Depart the Abyss, Bend Space, Renounce Religion


You were on level 4 of the Dungeon.
You worshipped Lugonu.
Lugonu was pleased with you.
You were not hungry.

You visited 1 branch of the dungeon, and saw 4 of its levels.
You visited the Abyss 1 time.

You collected 128 gold pieces.

Inventory:

Hand Weapons
 a - a +1 mace
 v - a +3 quarterstaff of chaos
 x - a +1 mace of protection (weapon)
Missiles
 f - 162 stones (quivered)
Armour
 b - a +0 leather armour
 p - a cursed -1 ring mail (worn)
 q - a +0 cloak (worn)
Jewellery
 m - an uncursed ring of protection from fire {unknown}
 u - an uncursed ring of stealth {unknown}
Scrolls
 i - 2 scrolls of enchant armour
 o - a scroll of fear {unknown}
 r - a scroll of immolation {unknown}
 s - 2 scrolls of teleportation {unknown}
 t - a scroll of blinking {unknown}
 w - a scroll of magic mapping {unknown}
Potions
 d - 2 potions of invisibility
 e - a potion of degeneration {unknown}
 g - a potion of curing {unknown}
 h - 2 potions of agility
 j - a potion of heal wounds {unknown}
 k - a potion of might {unknown}
 l - 2 potions of brilliance {unknown}
 n - a potion of haste {unknown}
Comestibles
 c - 5 rations


   Skills:
 + Level 5.2 Fighting
 * Level 5.3 Maces & Flails
 + Level 3.0 Armour
 + Level 2.1 Dodging
 + Level 0.7 Stealth
 + Level 2.1 Invocations


You had 4 spell levels left.
You didn't know any spells.

Dungeon Overview and Level Annotations

Branches:
Dungeon (4/15)
 Temple: D:4-7

Altars:
The Shining One

Annotations:
D:4 Ijyb


Innate Abilities, Weirdness & Mutations

You reflexively headbutt those who attack you in melee.
You have a pair of horns on your head.


Message History

Ijyb screams, "It's all mine!"
You feel sick.
Ijyb zaps a wand.
The bolt of acid hits you!
You are splashed with acid!
The acid burns!
* * * LOW HITPOINT WARNING * * *
It is a wand of acid (7).
You feel sick.
You feel sick. What are your orders? t - Shout!
Orders for allies: a - Attack new target. r - Retreat! s - Stop attacking. g - Guard the area. f - Follow me.
Anything else - Cancel.
Okay, then.
You feel sick.
You feel sick.
You are no longer poisoned.
Ijyb zaps a wand.
The bolt of acid hits you!
You die...

#.......## #.####..##
#.####..## #.......##
#.###########..##
####..............##
#..######.######..#.
...##..######.##########
.......@....g..........<
#############.########..
...........# #.#
########.#.######..
##.#...#.g.........
#...[#.###.####..#. #
#..#..g............
...##.#..#.#.###.####....
...%.......#.# .... .####


You could see Ijyb.

Vanquished Creatures
  Crazy Yiuf (D:2)
  An orc priest (D:3)
  A jelly (D:4)
  2 worker ants (D:4)
  3 adders (D:3)
  3 gnolls (D:4)
  An adder skeleton (D:4)
  A dart slug (D:1)
  5 orcs (D:3)
  2 bats
  A giant cockroach (D:2)
  3 goblins
  4 hobgoblins
  8 kobolds
  7 rats
43 creatures vanquished.

Notes
Turn   | Place    | Note
-------+----------+-------------------------------------------
     0 | Abyss:1  | dolbystereo the Minotaur Abyssal Knight began the quest for the Orb.
     0 | Abyss:1  | Reached XP level 1. HP: 19/19 MP: 1/1
     6 | Abyss:1  | Found a corrupted altar of Lugonu.
    69 | Abyss:1  | Found a corrupted altar of Lugonu.
   106 | Abyss:1  | Noticed a large abomination
   112 | D:1      | Escaped the Abyss
   245 | D:1      | Found a glowing golden altar of the Shining One.
   419 | D:1      | Reached XP level 2. HP: 7/27 MP: 2/2
  1631 | D:2      | Found a runed door.
  1635 | D:2      | Noticed Crazy Yiuf
  1643 | D:2      | Killed Crazy Yiuf
  1643 | D:2      | Reached XP level 3. HP: 17/34 MP: 0/3
  2083 | D:3      | Reached XP level 4. HP: 28/41 MP: 4/4
  2101 | D:3      | Reached skill level 5 in Fighting
  2251 | D:3      | Found a faded altar of an unknown god.
  2471 | D:3      | Reached ** piety under Lugonu
  2838 | D:4      | Reached XP level 5. HP: 48/48 MP: 5/5
  2962 | D:4      | Reached skill level 5 in Maces & Flails
  3265 | D:4      | Noticed Ijyb
  3286 | D:4      | Killed from afar by Ijyb

Skill      XL: |  1  2  3  4  5 |
---------------+----------------+-----
Fighting       | 4 5 |  5.2
Maces & Flails | 3 4 5 |  5.3
Invocations    | 2 |  2.1
Dodging        | 2 |  2.1
Armour         | 3 |  3.0
Stealth        | |  0.7

Action                   |  1- 3 |  4- 6 || total
-------------------------+-------+-------++-------
Melee: Mace              |    53 |    75 ||   128
       Headbutt          |     8 |    13 ||    21
  Use: Scroll            |       |     3 ||     3
 Stab: Sleeping          |     1 |       ||     1
  Eat: Ration            |     1 |       ||     1
       Chunk             |       |     4 ||     4
Armor: Leather armour    |    19 |    13 ||    32
       Ring mail         |       |    10 ||    10
Dodge: Dodged            |    30 |    53 ||    83
